 Dungeon Crawl Stone Soup version 0.30.1-3-gfc49f6343a (webtiles) character file.

Game seed: 12421643848781545978

5196 Atelerd the Thaumaturge (level 10, -2/90 HPs)
             Began as an Octopode Earth Elementalist on July 31, 2023.
             Was a Believer of Sif Muna.
             Slain by a guardian serpent (11 damage)
             ... on level 2 of the Abyss.
             The game lasted 00:15:19 (9153 turns).

Atelerd the Thaumaturge (OpEE)                      Turns: 9153, Time: 00:15:19

Health: -2/90      AC: 25    Str:  8 (9)  XL:     10   Next: 60%
Magic:  22/23      EV:  2    Int: 32 (33) God:    Sif Muna [**....]
Gold:   391        SH:  0    Dex:  7 (8)  Spells: 7/28 levels left

rFire   . . .        n - +0 short sword (freeze)
rCold   . . .        (no shield)
rNeg    . . .        (helmet currently unavailable)
rPois   +            (no amulet)
rElec   .            e - +6 ring of intelligence
rCorr   +            t - ring of poison resistance
SInv    .            v - ring of resist corrosion
Will    .....        D - +6 ring of intelligence
Stlth   +++          B - ring of wizardry
HPRegen 0.35/turn    (no ring)
MPRegen 0.18/turn    (no ring)
                     (no ring)

%: wizardry (x1)
@: mighty, tree-form, invisible
A: stationary, stasis, torment immunity, boosted hp, almost no armour,
(amphibious), 8 rings, (camouflage 1), (gelatinous body 1), (nimble swimmer 1),
(tentacles), (iridescent scales 1), evolution 1, noise suppression, [clumsy 2],
([cold vulnerability 2])
a: Renounce Religion, Channel Magic


You were on level 2 of the Abyss.
You worshipped Sif Muna.
Sif Muna was pleased with you.
You were a tree.
You visited 2 branches of the dungeon, and saw 11 of its levels.
You visited the Abyss 1 time.

You collected 391 gold pieces.

Inventory:

Hand Weapons
 n - a +0 short sword of freezing (weapon)
Magical Staves
 C - a staff of air
Jewellery
 e - a +6 ring of intelligence (left branch)
 t - a ring of poison resistance (right branch)
 v - a ring of resist corrosion (on tentacle)
 B - a ring of wizardry (on tentacle)
 D - a +6 ring of intelligence (on tentacle)
Wands
 o - a wand of polymorph (7)
 p - a wand of paralysis (10)
 H - a wand of flame (21)
Scrolls
 d - a scroll of fear {unknown}
 h - 3 scrolls of enchant weapon
 i - 3 scrolls of butterflies {unknown}
 l - 2 scrolls of immolation
 q - a scroll of poison
 u - 3 scrolls of blinking
 w - 2 scrolls of torment
 x - a scroll of vulnerability
 y - 2 scrolls of magic mapping {unknown}
 z - 2 scrolls of enchant armour {unknown}
 A - a scroll of teleportation
 E - 3 scrolls of noise {unknown}
 F - a scroll of silence {unknown}
Potions
 a - 2 potions of magic
 f - a potion of might
 g - a potion of cancellation {unknown}
 j - 2 potions of invisibility
 s - a potion of degeneration
 G - a potion of ambrosia {unknown}


   Skills:
 - Level 2.0 Fighting
 - Level 3.0 Short Blades
 + Level 4.7 Dodging
 + Level 7.7 Stealth
 + Level 9.9 Spellcasting
 - Level 2.0 Conjurations
 - Level 2.0 Necromancy
 - Level 3.0 Transmutations
 - Level 2.0 Ice Magic
 - Level 2.0 Air Magic
 - Level 6.0 Earth Magic
 - Level 1.0 Poison Magic
 + Level 2.2 Invocations
 - Level 1.0 Evocations


You had 7 spell levels left.
You knew the following spells:

 Your Spells              Type           Power      Damage    Failure   Level
a - Sandblast             Erth           100%       2d20      1%          1
b - Mephitic Cloud        Conj/Pois/Air  26%        N/A       1%          3
d - Vhi's Electric Charg  Tloc/Air       44%        N/A       2%          3
p - Petrify               Tmut/Erth      44%        N/A       1%          4
u - Freezing Cloud        Conj/Ice/Air   14%        6-21      16%         5
v - Borgnjor's Vile Clut  Necr/Erth      20%        N/A       7%          5

Your spell library contained the following spells:

 Spells                   Type           Power      Damage    Failure   Level
 Passwall                 Tmut/Erth      36%        N/A       1%          2
 Poisonous Vapours        Pois/Air       50%        N/A       1%          2
 Sublimation of Blood     Necr           28%        N/A       1%          2
 Wereblood                Tmut           35%        N/A       1%          2
 Stone Arrow              Conj/Erth      82%        3d12      1%          3
 Gell's Gravitas          Tloc           15%        N/A       4%          3
 Teleport Other           Tloc           15%        N/A       4%          3
 Dispersal                Tloc           7%         N/A       86%         6
 Summon Hydra             Summ           7%         N/A       100%        7


Dungeon Overview and Level Annotations

Branches:
Dungeon (10/15)            Temple (1/1) D:4
   Lair: D:8-11         Orc: D:9-12

Altars:
Ashenzari
Cheibriados
Dithmenos
Elyvilon
Fedhas
Gozag
Hepliaklqana
Kikubaaqudgha
Makhleb
Qazlal
Ru
Sif Muna
Trog
Uskayaw
Vehumet
Wu Jian
Xom
Yredelemnul
Zin
The Shining One

Annotations:
D:7 Dowan
D:8 Erica, Gastronok
D:9 2 runed translucent doors
D:10 Sonja


Innate Abilities, Weirdness & Mutations

You are a tree.
Your roots penetrate the ground, keeping you stationary.
You cannot be teleported.
You are immune to unholy pain and torment.
Your maximum health is greatly increased.
You cannot wear most types of armour.
((You are amphibious.))
You can wear up to eight rings at the same time.
((Your skin changes colour to match your surroundings (Stealth+).))
((Your rubbery body absorbs attacks. (AC +1, EV +1)))
((You are camouflaged when in or above water. (Stealth+)))
((You have tentacles for arms and can constrict up to eight enemies at once.))
((You are partially covered in iridescent scales. (AC +2)))
You have hidden genetic potential.
You passively dampen the noise of your surroundings.
[You are very clumsy. (Dex -4)]
[((You are very vulnerable to cold. (rC--)))]


Message History

You hear a bellow!
You feel mightier all of a sudden. Something hits you.
* * * LOW HITPOINT WARNING * * *
The guardian serpent hits you but does no damage.
Something hits you but does no damage.
The wretched star glows turbulently.
The lance of force hits you but does no damage.
It was a potion of curing.
You feel better. Something hits you but does no damage.
The guardian serpent hits you!
* * * LOW HITPOINT WARNING * * *
Something hits you but does no damage.
The wretched star glows turbulently.
The lance of force hits you but does no damage.
The guardian serpent hits you but does no damage.
You feel better. Something hits you but does no damage.
The guardian serpent casts a spell at you.
The bolt of poison hits you.
You are poisoned.
You resist.
* * * LOW HITPOINT WARNING * * *
It was a potion of mutation.
You feel extremely strange.
Iridescent scales grow over part of your body.
You feel a hidden potential growing inside you.
You feel your surroundings grow quieter.
* * * LOW HITPOINT WARNING * * *
You feel very sick. Something hits you but does no damage.
The guardian serpent casts a spell at you.
The wretched star glows turbulently.
The lance of force hits you but does no damage.
The guardian serpent casts a spell at you.
The bolt of poison hits you!
You are lethally poisoned!
You resist.
* * * LOW HITPOINT WARNING * * *
Unknown command.
You feel better. Something hits you but does no damage.
The guardian serpent hits you!
You die...

.# .# ## ..##
...... . ... #
..#... .#.... .
#..## ....
#..#.###..## ..
......##...#....
..#§..S..#
##..#.*♣##.#
#.....### ##..#.
.. ...# #...# #.
..##S . . ##
.### ## #
###.#.#.#. # . #
.### #..5# ..
#..##. #. ..# ..
.... .# #.


You could see a wretched star and a guardian serpent.

Vanquished Creatures
  A two-headed ogre (D:9)
  A thrashing horror (Abyss:2)
  2 trolls (D:10)
  2 wyverns
  A steam dragon (D:6)
  2 water moccasins
  2 ice beasts
  Duvessa (D:7)
  A black bear (D:6)
  3 ogres
  3 centaurs
  2 kobold brigands
  A phantom (D:6)
  8 bullfrogs
  A gnoll sergeant (D:9)
  A necrophage (D:5)
  8 wights
  4 howler monkeys
  A centaur zombie (D:5)
  A quasit (Abyss:2)
  2 hounds
  A human zombie (D:5)
  2 jellies
  3 orc priests
  3 iguanas
  3 orc wizards
  3 mummies (D:5)
  2 howler monkey zombies (D:5)
  4 gnolls (D:9)
  4 adders
  A shadow imp (D:7)
  2 white imps
  A worm (D:4)
  A dart slug (D:4)
  33 orcs
  4 ball pythons
  5 bats
  5 endoplasms
  5 giant cockroaches
  5 goblins
  5 hobgoblins
  18 kobolds
  3 quokkas
  3 frilled lizards (D:1)
  6 rats
  A spectral kobold (D:9)
171 creatures vanquished.

Vanquished Creatures (others)
  A lurking horror (Abyss:2)
1 creature vanquished.

Grand Total: 172 creatures vanquished

Notes
Turn   | Place    | Note
-------+----------+-------------------------------------------
     0 | D:1      | Atelerd the Octopode Earth Elementalist began the quest for
                  | the Orb.
     0 | D:1      | Reached XP level 1. HP: 11/11 MP: 3/3
   208 | D:1      | Reached XP level 2. HP: 14/17 MP: 1/5
  1134 | D:2      | Reached XP level 3. HP: 21/21 MP: 3/6
  1226 | D:2      | Found an ancient bone altar of Kikubaaqudgha.
  1782 | D:3      | Found a shimmering altar of Xom.
  1813 | D:3      | Found a faded altar of an unknown god.
  2654 | D:4      | Reached XP level 4. HP: 22/27 MP: 3/7
  2655 | D:4      | Reached skill level 1 in Short Blades
  2921 | D:4      | Noticed an ogre
  2924 | D:4      | Reached XP level 5. HP: 31/31 MP: 5/8
  2933 | D:4      | Killed an ogre
  3017 | D:4      | Learned a level 4 spell: Petrify
  3085 | D:4      | Found a staircase to the Ecumenical Temple.
  3221 | D:4      | Reached XP level 6. HP: 36/36 MP: 8/10
  3456 | D:4      | Reached skill level 3 in Spellcasting
  3622 | Temple   | Entered the Ecumenical Temple
  3639 | Temple   | Became a worshipper of Sif Muna the Loreminder
  3695 | D:5      | Entered Level 5 of the Dungeon
  3707 | D:5      | Noticed a water moccasin
  3713 | D:5      | Killed a water moccasin
  3714 | D:5      | Reached skill level 5 in Stealth
  3775 | D:5      | Reached skill level 5 in Earth Magic
  3775 | D:5      | Reached XP level 7. HP: 20/41 MP: 7/12
  3879 | D:5      | Learned a level 3 spell: Mephitic Cloud
  3981 | D:5      | Found a glowing golden altar of the Shining One.
  4040 | D:5      | Reached skill level 4 in Spellcasting
  4040 | D:5      | Reached skill level 1 in Conjurations
  4176 | D:5      | Reached skill level 1 in Air Magic
  4176 | D:5      | Reached skill level 1 in Poison Magic
  4508 | D:5      | Reached XP level 8. HP: 40/46 MP: 11/15
  4566 | D:5      | Reached skill level 5 in Spellcasting
  4575 | D:5      | Found a basalt altar of Yredelemnul.
  4704 | D:5      | Reached skill level 6 in Spellcasting
  4934 | D:5      | Found a snail-covered altar of Cheibriados.
  5357 | D:6      | Reached skill level 7 in Spellcasting
  5386 | D:6      | Reached * piety under Sif Muna
  5642 | D:6      | Found a stormy altar of Qazlal.
  5676 | D:6      | Reached skill level 8 in Spellcasting
  5676 | D:6      | Reached XP level 9. HP: 51/51 MP: 13/21
  5968 | D:6      | Learned a level 5 spell: Freezing Cloud
  6270 | D:6      | Reached skill level 1 in Ice Magic
  6467 | D:7      | Got Sif Muna's Tome of the Stormy Gargoyle
  6500 | D:7      | Found a hide-covered altar of Uskayaw.
  6576 | D:7      | Found a bloodstained altar of Trog.
  6771 | D:7      | Reached skill level 9 in Spellcasting
  6777 | D:7      | Noticed Duvessa
  6784 | D:7      | Noticed Dowan
  6790 | D:7      | Killed Duvessa
  7041 | D:7      | Learned a level 3 spell: Vhi's Electric Charge
  7047 | D:7      | Learned a level 5 spell: Borgnjor's Vile Clutch
  7398 | D:8      | Reached skill level 1 in Fighting
  7398 | D:8      | Reached skill level 1 in Necromancy
  7440 | D:8      | Noticed Erica
  7683 | D:8      | Noticed Gastronok
  7773 | D:8      | Noticed a two-headed ogre
  7990 | D:9      | Reached XP level 10. HP: 35/60 MP: 8/23
  8002 | D:9      | Reached ** piety under Sif Muna
  8122 | D:9      | Found a burning altar of Makhleb.
  8312 | D:9      | Found a runed translucent door.
  8320 | D:9      | Found a runed translucent door.
  8354 | D:9      | Noticed a two-headed ogre
  8369 | D:9      | Killed a two-headed ogre
  8426 | D:9      | Found a glowing silver altar of Zin.
  8572 | D:9      | Found a hazy altar of Hepliaklqana.
  8621 | D:10     | Entered Level 10 of the Dungeon
  8854 | D:10     | Noticed Sonja
  8908 | D:10     | Reached skill level 1 in Invocations
  8908 | D:10     | Reached skill level 1 in Evocations
  8912 | Abyss:2  | Found a corrupted altar of Lugonu.
  8912 | Abyss:2  | Cast into level 2 of the Abyss (Sonja)
  8990 | Abyss:2  | Noticed a lich
  8999 | Abyss:2  | Noticed a sixfirhy
  9091 | Abyss:2  | Noticed a thrashing horror
  9103 | Abyss:2  | Killed a thrashing horror
  9120 | Abyss:2  | Noticed an Executioner
  9132 | Abyss:2  | Noticed a wretched star
  9138 | Abyss:2  | Noticed a guardian serpent
  9150 | Abyss:2  | HP: 4/90 [guardian serpent (9)]
  9152 | Abyss:2  | Gained mutation: You are partially covered in iridescent
                  | scales. (AC +2) [potion of mutation]
  9152 | Abyss:2  | Gained mutation: You have hidden genetic potential. [potion
                  | of mutation]
  9152 | Abyss:2  | Gained mutation: You passively dampen the noise of your
                  | surroundings. [potion of mutation]
  9153 | Abyss:2  | Slain by a guardian serpent

Illustrated notes

Levels and vault maps discovered:
D:1:      dpeg_arrival_short_road, layout_loops_corners
D:2:      layout_basic, basic_altar, dk_vineyard_3, grunt_decor_fettered,
          kennysheep_generic_room_3
D:3:      layout_basic, amcnicky_altar_gilded, serial_bayou,
          serial_bayou_lagoon_b, serial_bayou_crossing, serial_bayou_shore_b,
          serial_bayou_lagoon_a, serial_bayou_shore_b,
          shapermc_ecumenical_altar_gd
D:4:      layout_loops_ring, minmay_temple_entry_statues
D:5:      layout_loops_corners, mainiacjoe_overflow_brackets,
          lemuel_round_altar, lemuel_mausoleum_altar_yredelemnul
D:6:      layout_gridville, nicolae_qazlal_eye_of_the_storm
D:7:      layout_basic, mainiacjoe_overflow_catwalk,
          nicolae_overflow_hidden_temple, chequers_arboretum, uniq_duvessa
D:8:      layout_cave_pods, uniq_erica, uniq_pikel, uniq_gastronok
D:9:      lemuel_insect_pit, layout_rooms,
          nicolae_hepliaklqana_monster_ancestors,
          mainiacjoe_overflow_small_starburst, nicolae_overflow_crystal_walls
D:10:     layout_rooms, nemelex_diamond_rough_becter, uniq_sonja
Temple:   nicolae_temple_ecumenical_triangle
Abyss:2:  base: D:10, hangedman_abyss_exit_choices, evilmike_abyss_exit_14,
          evilmike_abyss_exit_vortex, hangedman_abyss_shoalhut

Skill      XL: |  1  2  3  4  5  6  7  8  9 10 |
---------------+-------------------------------+-----
Stealth        | 3 4 5 7 |  7.7
Short Blades   | 1 2 3 |  3.0
Transmutations | 2 3 |  3.0
Earth Magic    | 4 5 6 |  6.0
Spellcasting   | 3 4 8 9 |  9.9
Conjurations   | 1 2 |  2.0
Air Magic      | 1 2 |  2.0
Poison Magic   | 1 |  1.0
Ice Magic      | 2 |  2.0
Fighting       | 2 |  2.0
Necromancy     | 2 |  2.0
Dodging        | 3 4 |  4.7
Invocations    | 2 |  2.2
Evocations     | 1 |  1.0

Action                     |  1- 3 |  4- 6 |  7- 9 | 10-12 || total
---------------------------+-------+-------+-------+-------++-------
  Melee: Unarmed           |     8 |       |       |       ||     8
         Constrict         |     8 |     6 |     9 |       ||    23
         Tentacles         |     3 |     3 |    14 |    10 ||    30
         Dagger            |    19 |       |     5 |       ||    24
         Short sword       |     2 |    14 |    38 |    19 ||    73
         Staff             |       |       |     1 |       ||     1
   Cast: Sandblast         |    51 |    47 |   122 |    26 ||   246
         Petrify           |       |       |    24 |    11 ||    35
         Vhi's Electric Ch |       |       |     3 |       ||     3
         Freezing Cloud    |       |       |     1 |     1 ||     2
         Mephitic Cloud    |       |       |     1 |       ||     1
    Use: Scroll            |       |       |     8 |     1 ||     9
         Potion            |       |       |       |     9 ||     9
   Stab: Sleeping          |     2 |       |     8 |       ||    10
         Petrified         |       |       |    10 |    19 ||    29
 Armour: Skin              |     2 |       |     1 |    15 ||    18
  Dodge: Dodged            |    30 |    20 |    59 |    14 ||   123
